 Dungeon Crawl Stone Soup version 0.21-a0-414-gba8bdf1 (webtiles) character file.

50 Xenofane the Ogre Mage (level 3, -1/31 HPs)
             Began as an Ogre Wizard on Nov 2, 2017.
             Succumbed to Terence's poison
             ... on level 2 of the Dungeon.
             The game lasted 00:09:27 (3866 turns).

Xenofane the Ogre Mage (Ogre Wizard)                Turns: 3866, Time: 00:09:28

Health: -1/31      AC:  4    Str: 11    XL:     3   Next: 79%
Magic:  1/8        EV: 10    Int: 20    God:
Gold:   77         SH:  0    Dex:  7    Spells: 0/10 levels left

rFire    . . .     SeeInvis .   b - +0 hunting sling
rCold    . . .     Gourm    .   (no shield)
rNeg     . . .     Faith    .   a - +0 robe
rPois    .         Spirit   .   i - +1 hat
rElec    .         Reflect  .   e - scarf {cloud immunity}
rCorr    .         Harm     .   (gloves unavailable)
MR       .....                  (boots unavailable)
Stlth    +.........             (no amulet)
HPRegen  0.10/turn              (no ring)
MPRegen  0.11/turn              (no ring)

@: lethally poisoned (-1 -> -29)
A: unfitting armour, tough skin 1
a: no special abilities


You were on level 2 of the Dungeon.
You were hungry.

You visited 1 branch of the dungeon, and saw 3 of its levels.

You collected 77 gold pieces.

Inventory:

Hand Weapons
 b - a +0 hunting sling (weapon)
 q - a +0 mace
Missiles
 g - 27 stones (quivered)
 o - 3 tomahawks
 p - 17 arrows
Armour
 a - a +0 robe (worn)
 e - a scarf of cloud immunity (worn)
 i - a +1 hat (worn)
Wands
 k - a wand of paralysis (13/24)
Scrolls
 d - a scroll of recharging {unknown}
 h - a scroll of fear {unknown}
 j - a scroll of teleportation
 m - a scroll of identify {unknown}
Books
 c - a book of Minor Magic

   Spells                             Type                      Level
   a - Magic Dart                     Conjuration                  1
   b - Blink                          Translocation                2
   c - Call Imp                       Summoning                    2
   d - Slow                           Hexes                        2
   e - Conjure Flame                  Conjuration/Fire             3
   f - Mephitic Cloud                 Conjuration/Poison/Air       3


   Skills:
 - Level 1.7 Dodging
 - Level 1.4 Stealth
 - Level 4.2 Spellcasting
 + Level 2.6 Conjurations
 - Level 0.8 Summonings
 - Level 0.8 Translocations


You couldn't memorise any spells.
You knew the following spells:

 Your Spells              Type           Power        Failure   Level  Hunger
a - Magic Dart            Conj           ##..         4%          1    None
b - Blink                 Tloc           N/A          13%         2    #......
c - Slow                  Hex            #.......     19%         2    #......
d - Call Imp              Summ           #.......     13%         2    #......
e - Mephitic Cloud        Conj/Pois/Air  #.......     26%         3    ###....


Dungeon Overview and Level Annotations

Branches:
Dungeon (3/15)

Altars:

Annotations:
D:2 Terence


Innate Abilities, Weirdness & Mutations

You are too large for most types of armour.
You have tough skin. (AC +1)


Message History

r - Retreat! s - Stop attacking. g - Guard the area. f - Follow me.
Anything else - Cancel.
Gang up on whom?
Press: ? - help, Dir - move target cursor, f/p - Terence
Aim: Terence, wielding a short sword of venom and wearing a chain mail (almost dead) Attack!
* * * LOW HITPOINT WARNING * * *
You feel sick.
Your crimson imp blinks!
Your iron imp barely misses Terence.
Terence barely misses your iron imp.
You aren't carrying any potions.
As you read the scroll labeled RAUKAT ZESAEDOZU, it crumbles to dust.
You feel aware of your surroundings.
It was a scroll of magic mapping.
* * * LOW HITPOINT WARNING * * *
You feel very sick. Terence barely misses your iron imp.
Your iron imp barely misses Terence.
There is a lethal amount of poison in your body!
There is a lethal amount of poison in your body!
You die...

..#.# #......# ###..#...#...#
#.#.#######......###..#...#...#..
#.#.#.....'......##.#...#...#...#
#.#.#.#####......##...#...#...#..
#.#.#.# ###'#######.#...#...#...#
..#.#.# #....# #...#...#...#..
###.#.# #....######.#...#...#...#
....#.# #.............#...#...#..
#####.# #.......@...#...#...#...#
#.# #......5......#...#...#.. #.#
#.......@5..#...#...#...#
##'###.............#...#...#..
#.....##>........#...#...#...#
#...).+............#...#...#..
#..>..####...........#...#...#
#.....# #######'#'##..#...#..
#.....# #.#.......#...#


You could see Terence, a friendly iron imp and a friendly crimson imp.

Vanquished Creatures
  An ooze (D:2)
  A worm (D:2)
  A dart slug (D:1)
  A leopard gecko (D:1)
  An orc (D:3)
  A giant cockroach (D:2)
  3 goblins
  3 hobgoblins
  4 kobolds
  2 quokkas
  A ball python (D:1)
  3 bats
  2 frilled lizards (D:1)
  5 rats
29 creatures vanquished.

Vanquished Creatures (collateral kills)
  An adder (D:3)
  A worm (D:2)
  A goblin (D:2)
  A hobgoblin (D:2)
  A quokka (D:1)
5 creatures vanquished.

Grand Total: 34 creatures vanquished

Notes
Turn   | Place    | Note
-------+----------+-------------------------------------------
     0 | D:1      | Xenofane the Ogre Wizard began the quest for the Orb.
     0 | D:1      | Reached XP level 1. HP: 16/16 MP: 5/5
   242 | D:1      | Reached skill level 1 in Conjurations
   398 | D:1      | Reached skill level 4 in Spellcasting
   670 | D:1      | Reached XP level 2. HP: 18/24 MP: 4/7
   964 | D:1      | Learned a level 2 spell: Blink
   967 | D:1      | Learned a level 2 spell: Slow
  1416 | D:1      | Learned a level 2 spell: Call Imp
  1890 | D:2      | Reached XP level 3. HP: 9/31 MP: 1/8
  2886 | D:2      | Learned a level 3 spell: Mephitic Cloud
  3643 | D:3      | Noticed Terence
  3865 | D:2      | HP: 1/31 [poisoned by Terence]
  3866 | D:2      | Succumbed to Terence's poison

Vault maps used:
D:1:      lordsloth_arrival_two_stooges, serial_forest,
          infiniplex_forest_clump_small, infiniplex_forest_clump_small,
          infiniplex_forest_fountain, infiniplex_forest_zigzag_1,
          infiniplex_forest_clump_medium
D:2:      hex_large
D:3:      lemuel_doored_altar, first_bread, palyth_stone_intersect,
          grunt_gozag_breadcrumbs, uniq_terence, uniq_robin

Skill      XL: |  1  2  3 |
---------------+----------+-----
Conjurations   | 1 2 |  2.6
Spellcasting   | 4 |  4.2
Dodging        | |  1.7
Stealth        | |  1.4
Summonings     | |  0.8
Translocations | |  0.8

Action                   || total
-------------------------++-------
Melee: Unarmed           ||     9
       Whip              ||    30
       Club              ||    55
       Hand axe          ||    16
 Fire: Hunting sling     ||    13
 Cast: Magic Dart        ||    57
       Call Imp          ||     7
       Blink             ||     6
  Use: Scroll            ||     7
       Potion            ||     3
 Stab: Sleeping          ||     2
  Eat: Chunk             ||     4
       Bread ration      ||     1
Armor: Robe              ||    66
Dodge: Dodged            ||   112

Table legend:
 A = Spawn XP
 B = Non-spawn XP
 C = Spawn XP percentage of total XP
 D = Spawn monster count
 E = Non-spawn monster count
 F = Spawn count percentage of total count
 G = Total turns spent on level
                    A         B        C        D         E        F      G
               +---------+---------+-------+---------+---------+-------+---------
         Total |       0 |      72 |   0.0 |       0 |      34 |   0.0 |  3866
               +---------+---------+-------+---------+---------+-------+---------
           D:1 |       0 |      27 |   0.0 |       0 |      17 |   0.0 |  1977
           D:2 |       0 |      29 |   0.0 |       0 |      12 |   0.0 |  1424
           D:3 |       0 |      16 |   0.0 |       0 |       5 |   0.0 |   465
               +---------+---------+-------+---------+---------+-------+---------
